Map: Site Delta LE

Players

Solar

  • Race: Zerg Zerg
  • Spawn Location: 11:00

SKillous - Winner!

  • Race: Protoss Protoss
  • Spawn Location: 5:00

Event: ESL Spring 2024 Finals

VOD

Have the link to the VOD?

Description

Time

  • Played on: May 31, 2024, 1:39 p.m.
  • Length: 10:06

All games in this series

Show
View Real Time Build Order
Export as new Build Order

Solar Zerg 

Build Orders: Hatch First 

Get SALT Encoding   

  12  0:00  Drone  
  13  0:12  Overlord  
  13  0:16  Drone  
  14  0:38  Drone x2  
  16  0:47  Hatchery  
  15  0:51  Drone  
  15  0:55  Drone  
  17  1:00  Drone  
  18  1:09  Extractor  
  17  1:16  Spawning Pool  
  16  1:18  Drone  
  16  1:21  Drone  
  18  1:32  Drone  
  19  1:43  Drone  
  20  1:53  Overlord  
  20  2:03  Zergling x2, Queen x2  
  20  2:04  Zergling x2  
  26  2:12  Drone  
  26  2:15  Drone, Metabolic Boost  
  28  2:22  Drone  
  29  2:25  Drone  
  30  2:37  Hatchery  
  30  2:39  Zergling x2  
  30  2:47  Queen  
  30  2:51  Overlord  
  32  2:55  Zergling x2  
  32  2:56  Zergling x2  
  34  2:58  Drone  
  34  3:00  Zergling x2  
  34  3:05  Spore Crawler  
  34  3:08  Drone  
  34  3:11  Queen  
  38  3:14  Drone  
  38  3:15  Drone  
  38  3:18  Drone  
  41  3:25  Drone x2  
  41  3:27  Overlord  
  42  3:30  Drone  
  43  3:40  Overlord  
  43  3:44  Queen  
  43  3:45  Drone x2, Spore Crawler  
  46  3:50  Drone  
  46  3:53  Queen  
  46  3:55  Zergling x2  
  50  3:57  Drone  
  50  4:00  Drone x2  
  50  4:01  Drone  
  54  4:04  Drone  
  54  4:07  Spore Crawler  
  53  4:13  Drone x3  
  53  4:16  Overlord  
  56  4:18  Drone  
  56  4:22  Queen  
  59  4:26  Drone  
  59  4:27  Drone x2  
  62  4:34  Drone x2  
  62  4:35  Overlord  
  62  4:38  Zergling x4  
  66  4:44  Overlord, Evolution Chamber  
  65  4:45  Drone  
  65  4:47  Overlord  
  66  4:54  Zergling x8  
  66  4:55  Zergling x2  
  69  5:00  Overlord  
  69  5:03  Drone x4  
  70  5:07  Drone x2  
  71  5:14  Drone x4  
  71  5:20  Zerg Melee Weapons Level 1  
  71  5:22  Drone x2  
  71  5:25  Drone  
  71  5:27  Drone  
  71  5:29  Drone  
  71  5:33  Lair  
  71  5:34  Drone x2  
  74  5:35  Drone  
  74  5:41  Extractor  
  74  5:42  Extractor  
  72  5:43  Drone x2  
  72  5:44  Roach Warren, Drone  
  72  5:48  Drone x3  
  75  5:53  Drone x3  
  78  5:58  Drone x2  
  78  6:03  Overlord  
  79  6:08  Drone x3  
  79  6:09  Drone  
  80  6:11  Hatchery  
  80  6:13  Drone x3  
  82  6:19  Drone x2, Extractor x2  
  82  6:22  Spore Crawler  
  82  6:23  Zergling x8  
  85  6:26  Drone x2  
  85  6:28  Drone  
  85  6:29  Drone  
  85  6:31  Overlord  
  89  6:33  Overseer, Glial Reconstitution  
  89  6:39  Zergling x8  
  93  6:41  Infestation Pit  
  93  6:42  Zergling x2  
  93  6:52  Drone x2  
  92  6:56  Zergling x10  
  92  6:57  Hatchery  
  92  6:59  Zergling x8  
  100  7:02  Overlord  
  100  7:06  Drone  
  100  7:07  Zergling x4  
  103  7:15  Overlord  
  103  7:17  Drone  
  103  7:19  Zerg Melee Weapons Level 2  
  103  7:22  Hive  
  104  7:24  Extractor, Roach x4  
  108  7:30  Overlord  
  108  7:31  Baneling Nest  
  108  7:33  Overlord x2  
  108  7:35  Drone x2  
  108  7:36  Drone  
  110  7:38  Drone  
  110  7:42  Overseer, Roach  
  110  7:43  Overlord  
  114  7:46  Overlord  
  114  7:49  Zergling x4  
  116  7:53  Drone  
  116  7:54  Drone x2  
  116  7:56  Roach x2  
  123  8:00  Drone  
  123  8:04  Drone x3  
  125  8:06  Zergling x6  
  125  8:10  Extractor  
  127  8:14  Drone x3  
  127  8:15  Drone, Hydralisk Den  
  127  8:18  Spore Crawler, Extractor x2  
  127  8:19  Drone  
  128  8:24  Evolution Chamber  
  128  8:25  Drone x2  
  128  8:26  Drone  
  129  8:27  Drone  
  129  8:28  Roach x2  
  129  8:29  Drone x2  
  129  8:30  Drone x2  
  129  8:31  Drone x2  
  129  8:33  Zergling x6  
  143  8:46  Hydralisk x2, Grooved Spines  
  143  8:47  Lurker Den, Hydralisk  
  148  8:48  Zergling x2  
  148  8:49  Zergling x2  
  150  8:59  Overlord  
  150  9:02  Hydralisk x3  
  154  9:07  Hydralisk  
  154  9:09  Overlord  
  158  9:10  Drone, Hatchery  
  158  9:15  Overlord  
  158  9:16  Hydralisk x2  
  158  9:17  Hydralisk  
  155  9:19  Drone x2  
  155  9:24  Zergling x6  
  166  9:26  Baneling x3  
  166  9:31  Zergling x14  
  173  9:37  Roach  
  173  9:38  Roach x4  
  176  9:42  Hydralisk  
Show
View Real Time Build Order
Export as new Build Order

SKillous Protoss - Winner!

Build Orders: 1 Gate Expand, Oracle Opening, Archon Immortal 

Get SALT Encoding   

  12  0:00  Probe  
  13  0:12  Probe  
  14  0:19  Pylon  
  14  0:24  Probe  
  15  0:37  Probe (Chrono Boost)  
  15  0:39  Gateway  
  16  0:47  Probe (Chrono Boost)  
  16  0:49  Assimilator  
  17  0:52  Probe (Chrono Boost)  
  18  1:04  Probe  
  19  1:16  Probe  
  20  1:26  Nexus  
  20  1:36  Cybernetics Core  
  21  1:40  Probe  
  21  1:46  Assimilator  
  21  1:52  Probe  
  22  1:55  Pylon  
  22  2:04  Probe  
  23  2:10  Adept (Chrono Boost)  
  25  2:16  Probe  
  25  2:20  Stargate  
  26  2:26  Warp Gate  
  26  2:28  Probe (Chrono Boost)  
  27  2:30  Adept (Chrono Boost)  
  29  2:39  Probe (Chrono Boost)  
  31  2:46  Probe (Chrono Boost)  
  31  2:48  Probe (Chrono Boost)  
  32  2:53  Zealot, Probe x2 (Chrono Boost)  
  36  3:04  Probe  
  36  3:05  Oracle (Chrono Boost)  
  37  3:07  Probe  
  37  3:11  Pylon  
  41  3:16  Probe  
  42  3:22  Gateway, Probe  
  43  3:28  Probe  
  44  3:40  Void Ray (Chrono Boost), Probe  
  49  3:46  Probe  
  50  3:54  Pylon  
  50  3:58  Nexus  
  50  3:59  Probe  
  50  4:01  Probe  
  52  4:09  Oracle (Chrono Boost)  
  52  4:11  Probe  
  52  4:14  Probe  
  52  4:15  Pylon  
  57  4:17  Assimilator  
  57  4:20  Adept  
  57  4:23  Adept  
  61  4:26  Probe  
  61  4:29  Assimilator  
  62  4:33  Probe  
  64  4:39  Probe (Chrono Boost)  
  64  4:41  Twilight Council  
  64  4:43  Forge  
  64  4:45  Probe (Chrono Boost)  
  64  4:52  Pylon  
  66  4:54  Adept x2  
  66  4:56  Probe (Chrono Boost)  
  66  4:58  Pylon  
  70  5:07  Pylon  
  70  5:09  Probe  
  70  5:10  Probe  
  68  5:15  Gateway  
  68  5:16  Gateway  
  68  5:21  Blink (Chrono Boost)  
  68  5:26  Probe x2 (Chrono Boost)  
  71  5:30  Probe (Chrono Boost)  
  71  5:31  Stalker x2  
  71  5:33  Protoss Ground Weapons Level 1 (Chrono Boost)  
  69  5:37  Probe (Chrono Boost)  
  69  5:38  Probe (Chrono Boost)  
  69  5:39  Probe (Chrono Boost)  
  72  5:43  Pylon  
  72  5:48  Probe (Chrono Boost)  
  75  5:50  Probe (Chrono Boost)  
  75  5:52  Assimilator  
  75  5:55  Probe (Chrono Boost)  
  75  5:57  Assimilator  
  75  5:58  Probe (Chrono Boost)  
  75  5:59  Stalker  
  75  6:00  Probe (Chrono Boost)  
  75  6:01  Stalker  
  75  6:02  Probe (Chrono Boost)  
  82  6:07  Probe  
  82  6:10  Shield Battery, Probe  
  84  6:14  Probe  
  84  6:16  Stalker x2  
  89  6:18  Pylon  
  89  6:19  Probe  
  89  6:21  Templar Archives  
  89  6:25  Templar Archives  
  90  6:27  Probe  
  90  6:28  Robotics Facility  
  90  6:29  Probe  
  90  6:32  Probe  
  93  6:37  Stalker x2  
  97  6:40  Probe, Pylon  
  98  6:51  Stalker x2  
  100  6:55  Gateway x2  
  100  6:57  Pylon, Psionic Storm  
  100  7:02  Pylon  
  100  7:07  Stalker x2  
  104  7:12  Probe  
  104  7:14  High Templar x2  
  109  7:16  Charge (Chrono Boost)  
  109  7:19  Gateway  
  109  7:20  Gateway  
  109  7:29  Immortal (Chrono Boost)  
  109  7:30  Zealot x2  
  114  7:38  Pylon  
  114  7:40  Nexus  
  114  7:44  Robotics Facility  
  114  7:49  High Templar x2  
  118  7:53  High Templar  
  118  7:54  Zealot x3  
  126  8:01  Immortal (Chrono Boost)  
  130  8:08  Shield Battery, Pylon  
  126  8:19  Zealot x4, Shield Battery  
  134  8:22  Assimilator  
  134  8:26  High Templar x2  
  138  8:27  Assimilator, Zealot  
  138  8:31  Forge, Pylon  
  140  8:35  Warp Prism  
  140  8:37  Observer  
  143  8:41  Probe  
  143  8:42  Probe x2  
  143  8:48  Archon  
  146  8:53  Zealot x4, High Templar x2  
  158  8:55  Shield Battery  
  158  8:59  Archon  
  158  9:01  Immortal (Chrono Boost)  
  162  9:03  Probe  
  162  9:06  Photon Cannon  
  162  9:17  High Templar x2  
  162  9:18  Zealot x4  
  162  9:19  Probe  
  162  9:20  Probe  
  162  9:21  Archon  
  176  9:27  Immortal (Chrono Boost)  
  180  9:35  Probe x2  
  180  9:36  Probe  
  177  9:39  Zealot x2  
  177  9:40  Zealot  
  167  9:54  Zealot x3  
  167  9:55  Zealot x2  
  173  10:03  Archon  
Tags
 
Add a new tag
Caveats
  • Supply blocks, unpowered buildings, or Contaminate may cause inaccurate times.
  • Supply counts are checked every 10 seconds.